 Dungeon Crawl Stone Soup version 0.29.0-11-gd7f09526c8 (webtiles) character file.

Game seed: 12785305352815077453

40 Zeldest the Insei (level 4, -1/52 HPs)
             Began as a Meteoran Transmuter on Sept 3, 2022.
             Slain by a gnoll
             ... wielding a +0 flail
              (4 damage)
             ... on level 2 of the Dungeon on Sept 4, 2022.
             The game lasted 00:02:29 (329 turns).

Zeldest the Insei (Meteoran Transmuter)              Turns: 329, Time: 00:02:30

Health: -1/52      AC: 22    Str: 14    XL:     4   Next: 0%
Magic:  6/9        EV:  2    Int: 14    God:
Gold:   18         SH:  0    Dex: 14    Spells: 5/8 levels left

rFire   . . .      SeeInvis .     - Unarmed
rCold   . . .      Faith    .   (no shield)
rNeg    . . .      Spirit   .   (body armour currently unavailable)
rPois   +          Reflect  .   (helmet currently unavailable)
rElec   .          Harm     .   (cloak currently unavailable)
rCorr   .          Rampage  .   (gloves currently unavailable)
Will    .....      NoTele   +   (boots currently unavailable)
Stlth   +.........              (no amulet)
HPRegen 0.17/turn               (no ring)
MPRegen 0.11/turn               (no ring)

@: tree-form, glowing
A: stationary, stasis, torment immunity, boosted hp, sense surroundings 1,
otherworldly, glowing, explore regen
a: no special abilities


You were on level 2 of the Dungeon.
You were a tree.
You visited 1 branch of the dungeon, and saw 2 of its levels.

You collected 18 gold pieces.

Inventory:

Armour
 a - a +0 robe (melded)
 k - a +0 pair of gloves (melded)
Jewellery
 f - a ring of fire
Scrolls
 e - 2 scrolls of identify {unknown}
 g - a scroll of vulnerability {unknown}
 i - a scroll of amnesia {unknown}
 j - a scroll of teleportation {unknown}
Potions
 c - 2 potions of brilliance {unknown}
 d - a potion of invisibility {unknown}
 h - a potion of curing {unknown}
 l - a potion of cancellation {unknown}


   Skills:
 - Level 1.1 Fighting
 - Level 2.4 Dodging
 * Level 4.4 Unarmed Combat
 - Level 2.6 Spellcasting
 * Level 3.6 Transmutations
 + Level 0.6 Ice Magic


You had 5 spell levels left.
You knew the following spells:

 Your Spells              Type           Power      Damage    Failure   Level
a - Beastly Appendage     Tmut           22%        N/A       4%          1
b - Wereblood             Tmut           11%        N/A       8%          2

Your spell library contained the following spells:

 Spells                   Type           Power      Damage    Failure   Level
 Necrotise                Necr           4%         1d4       22%         1
 Spider Form              Tmut/Pois      6%         N/A       32%         3
 Vampiric Draining        Necr           1%         2d6       54%         3
 Ice Form                 Ice/Tmut       7%         N/A       67%         4
 Agony                    Necr           1%         N/A       99%         5


Dungeon Overview and Level Annotations

Branches:
Dungeon (2/15) Zot: 874

Altars:

Shops:
D:1 [


Innate Abilities, Weirdness & Mutations

You are a tree.
Your roots penetrate the ground, keeping you stationary.
You cannot be teleported.
You are immune to unholy pain and torment.
Your maximum health is greatly increased.
Your equipment is partially melded.
You passively map a small area around you.
You are easily found by Zot.
You glow in the dark.
You regain HP and MP as you explore.


Message History

Okay, then.
Okay, then.
The gnoll closely misses you.
A gnoll comes into view. It is wielding a +0 whip.
The gnoll barely misses you. The gnoll hits you but does no damage.
The gnoll hits you from afar with a +0 spear.
The gnoll shouts!
The gnoll hits you but does no damage. The gnoll hits you with a +0 spear. x2
Really quaff the potion of lignification?
Your horns disappear.
Your talons disappear.
You turn into a tree.
Your +0 pair of gloves melds into your body.
Your +0 robe melds into your body.
Your roots penetrate the ground.
The gnoll hits you but does no damage. The gnoll hits you with a +0 flail.
The gnoll hits you but does no damage. x2; The gnoll hits you with a +0 spear.
You hit the gnoll.
The gnoll is heavily wounded.
The gnoll hits you but does no damage. x2; The gnoll hits you with a +0 flail.
* * * LOW HITPOINT WARNING * * *
The gnoll barely misses you. The gnoll hits you with a +0 spear.
* * * LOW HITPOINT WARNING * * *
The gnoll hits you but does no damage.
Your magical contamination has completely faded away.
You hit the gnoll.
The gnoll is almost dead.
The gnoll hits you but does no damage. x3; The gnoll hits you with a +0 flail.
* * * LOW HITPOINT WARNING * * *
The gnoll hits you but does no damage. The gnoll barely misses you.
You hit the gnoll.
You kill the gnoll!
The gnoll hits you but does no damage. x6
You have reached level 4!
You hit the gnoll.
The gnoll is heavily wounded.
The gnoll hits you but does no damage. The gnoll hits you with a +0 whip.
* * * LOW HITPOINT WARNING * * *
The gnoll hits you but does no damage. The gnoll hits you with a +0 flail.
* * * LOW HITPOINT WARNING * * *
The gnoll hits you with a +0 flail.
You die...

##.......## , *
#.........### ... *
#..........., ..#
#.........# #.. #.........#
*.?* , ######## #.........#
#.####.*
#......####.......## .......
, #.............)...
#.......#............#.#.#..
#........###.###.....#,#,#
#......#.# #..##........, ,
#......#..#..,..>.....#$# *


You could see 6 gnolls.

Vanquished Creatures
  A gnoll (D:2)
  3 ball pythons (D:1)
  An endoplasm (D:2)
  3 giant cockroaches
  2 goblins
  4 hobgoblins (D:1)
  4 jackals (D:1)
  2 quokkas
  2 bats (D:1)
  A frilled lizard (D:1)
  3 kobolds
  A rat (D:1)
27 creatures vanquished.

Notes
Turn   | Place    | Note
-------+----------+-------------------------------------------
     0 | D:1      | Zeldest the Meteoran Transmuter began the quest for the
                  | Orb.
     0 | D:1      | Reached XP level 1. HP: 16/16 MP: 5/5
    30 | D:1      | Found Hicamuhi's Armour Shoppe.
    32 | D:1      | Reached XP level 2. HP: 16/23 MP: 6/6
    65 | D:1      | Reached skill level 4 in Unarmed Combat
   127 | D:2      | Reached XP level 3. HP: 28/28 MP: 8/8
   149 | D:2      | Learned a level 2 spell: Wereblood
   329 | D:2      | Reached XP level 4. HP: 7/35 MP: 6/9
   329 | D:2      | Slain by a gnoll

Illustrated notes

Levels and vault maps discovered:
D:1:      wander_arrival_fairy_ring, layout_basic, serial_shops,
          nicolae_shop_window_shopping
D:2:      layout_rooms

Skill      XL: |  1  2 |
---------------+-------+-----
Unarmed Combat | 4 |  4.4
Transmutations | 3 |  3.6
Fighting       | |  1.1
Dodging        | |  2.4
Spellcasting   | |  2.6
Ice Magic      | |  0.6

Action                   |  1- 3 |  4- 6 || total
-------------------------+-------+-------++-------
Melee: Unarmed           |    56 |     1 ||    57
       Kick              |    16 |       ||    16
       Headbutt          |     5 |       ||     5
 Cast: Beastly Appendage |     7 |       ||     7
       Wereblood         |     3 |       ||     3
  Use: Potion            |     1 |       ||     1
Armor: Robe              |    14 |       ||    14
       Skin              |    16 |     2 ||    18
Dodge: Dodged            |    41 |       ||    41
